 Dungeon Crawl Stone Soup version 0.29-a0-551-gffc1d7fb78 (webtiles) character file.

Game seed: 15151559610467773494

10710 happo123 the Covert (level 11, -5/66 HPs)
             Began as a Kobold Enchanter on June 5, 2022.
             Was a Priest of Wu Jian.
             Engulfed by an ice statue's freezing vapour (7 damage)
             ... in an ice cave.
             The game lasted 00:52:54 (14143 turns).

happo123 the Covert (Kobold Enchanter)             Turns: 14143, Time: 00:52:55

Health: -5/66      AC:  9    Str:  6    XL:     11   Next: 98%
Magic:  30/30      EV: 18    Int: 27    God:    Wu Jian [***...]
Gold:   221        SH:  4    Dex: 15    Spells: 7/23 levels left

rFire   . . .      SeeInvis .   N - +2 short sword
rCold   . . .      Faith    .   U - +0 buckler
rNeg    . . .      Spirit   .   b - +0 robe
rPois   .          Reflect  .   k - +1 hat
rElec   .          Harm     .   K - +2 cloak
rCorr   .          Rampage  +   (no gloves)
Will    .....                   J - +2 pair of boots {rampage}
Stlth   +++++.....              (no amulet)
HPRegen 0.21/turn               L - ring of magical power
MPRegen 0.22/turn               G - +6 ring of intelligence

@: invisible
A: small, no large weapons, nightstalker 3
a: Renounce Religion, Wall Jump, Serpent's Lash


You were in an ice cave.
You worshipped Wu Jian.
Wu Jian was most pleased with you.
You visited 3 branches of the dungeon, and saw 11 of its levels.
You also visited: Ice Cave.

You collected 472 gold pieces.
You spent 251 gold pieces at shops.

Inventory:

Hand Weapons
 a - a +1 dagger
 j - a +3 dagger of draining
 N - a +2 short sword (weapon)
Missiles
 n - 2 throwing nets
Armour
 b - a +0 robe (worn)
 k - a +1 hat (worn)
 J - a +2 pair of boots of rampaging (worn)
 K - a +2 cloak (worn)
 U - a +0 buckler (worn)
Magical Staves
 P - a staff of conjuration
Jewellery
 y - a ring of poison resistance
 E - a ring of fire
 G - a +6 ring of intelligence (right hand)
 L - a ring of magical power (left hand)
 M - a ring of see invisible
 T - an amulet of faith
Wands
 r - a wand of paralysis (14)
 D - a wand of iceblast (6)
 H - a wand of polymorph (5)
Scrolls
 d - 3 scrolls of fog
 g - 2 scrolls of magic mapping {unknown}
 h - a scroll of noise {unknown}
 l - 3 scrolls of fear
 o - 3 scrolls of poison
 q - 4 scrolls of enchant weapon
 s - 5 scrolls of teleportation
 t - 2 scrolls of immolation {unknown}
 v - a scroll of amnesia {unknown}
 B - 2 scrolls of blinking {unknown}
 F - a scroll of brand weapon {unknown}
 Q - 4 scrolls of summoning
Potions
 c - a potion of invisibility
 e - 2 potions of degeneration
 f - 2 potions of flight
 i - a potion of cancellation
 m - 5 potions of curing
 p - 4 potions of heal wounds {unknown}
 u - a potion of might {unknown}
 x - a potion of ambrosia {unknown}
 z - a potion of resistance {unknown}
 A - 3 potions of haste {unknown}
 C - a potion of berserk rage {unknown}
 I - a potion of magic {unknown}
 R - 2 potions of attraction {unknown}
 S - a potion of mutation {unknown}
Miscellaneous
 O - a lightning rod (1/4)


   Skills:
 + Level 6.9 Fighting
 + Level 8.4 Short Blades
 + Level 8.1 Dodging
 + Level 10.1 Stealth
 + Level 6.9 Spellcasting
 * Level 9.9 Hexes
 + Level 5.6 Ice Magic
 + Level 0.9 Evocations


You had 7 spell levels left.
You knew the following spells:

 Your Spells              Type           Power      Damage    Failure   Level
a - Ensorcelled Hibernat  Hex/Ice        100%       N/A       1%          2
b - Confusing Touch       Hex            58%        N/A       1%          3
c - Tukima's Dance        Hex            58%        N/A       1%          3
d - Ozocubu's Armour      Ice            39%        N/A       2%          3
e - Metabolic Englaciati  Hex/Ice        25%        N/A       11%         5

Your spell library contained the following spells:

 Spells                   Type           Power      Damage    Failure   Level
 Dazzling Flash           Conj/Hex       72%        N/A       3%          3
 Apportation              Tloc           18%        N/A       10%         1
 Alistair's Intoxication  Tmut/Pois      6%         N/A       95%         5
 Simulacrum               Ice/Necr       12%        N/A       99%         6
 Chain Lightning          Conj/Air       4%         3d6       100%        9
 Fire Storm               Conj/Fire      4%         8d1       100%        9
 Shatter                  Erth           4%         3d8*      100%        9


Dungeon Overview and Level Annotations

Branches:
Dungeon (9/15)             Temple (1/1) D:6            Lair (1/6) D:9
  IceCv (1/1)
    Orc: D:9-12

Altars:
Cheibriados
Dithmenos
Elyvilon
Fedhas
Gozag
Hepliaklqana
Kikubaaqudgha
Makhleb
Nemelex Xobeh
Okawaru
Qazlal
Sif Muna
Trog
Uskayaw
Wu Jian
Xom
Yredelemnul
Zin
The Shining One

Shops:
D:3 =   D:5 [:?(

Annotations:
IceCv exclusion: ice statue


Innate Abilities, Weirdness & Mutations

You are small and have problems with some larger weapons.
You are completely attuned to the shadows.


Message History

The ice beast hits the ice statue but does no damage.
You start resting.
An ice beast is nearby!
An ice beast is nearby!
You start resting.
Magic restored.
You start resting.
HP restored.
You fade into invisibility!
Really walk into a travel-excluded area?
You rampage towards the ice statue!
You hit the ice statue but do no damage.
You hit the ice statue but do no damage.
The ice statue gestures at you. The shard of ice misses you.
You catch the helpless ice statue completely off-guard!
You impale the ice statue!!
The ice statue is moderately damaged.
The ice statue gestures.
You hit the ice statue.
The ice statue is moderately damaged.
The ice statue gestures at you. The freezing blast misses you.
You catch the helpless ice statue completely off-guard!
You impale the ice statue!!
The ice statue is severely damaged.
The ice beast misses you.
You hit the ice statue but do no damage.
The ice statue is severely damaged.
The ice beast hits you but does no damage.
You hit the ice statue but do no damage.
The ice statue is severely damaged.
* * * LOW HITPOINT WARNING * * *
You hit the ice statue but do no damage.
The ice statue is severely damaged.
* * * LOW HITPOINT WARNING * * *
The ice statue gestures at you. The shard of ice misses you.
You puncture the ice statue!
The ice statue is almost destroyed.
You die...

#..##
##..#
#...# #..#
#...##
##.##
#....#
#..#
###..##
#..# ###
#...#
##.####.##
##☼.#
#..##...#
#○.#
#.....∩∩#
#@○#
#..##...#
#8○##
#.####.##
#Y°# #..#
### ...#
#.. ...##


You could see an ice statue (can't see you) and an ice beast (summoned, can't
see you).

Vanquished Creatures
  A boulder beetle (D:8)
  A centaur warrior (D:8)
  A two-headed ogre (D:8)
  The ghost of om the Spear-Bearer, a novice MfIE of Vehumet (D:8)
  A deep elf pyromancer (D:8)
  A cyclops (D:8)
  2 manticores (D:8)
  An ugly thing (D:8)
  An unseen horror zombie (D:8)
  An unseen horror skeleton (D:8)
  2 hornets
  Prince Ribbit (D:7)
  Sigmund (D:3)
  2 shadows
  2 wyverns (D:9)
  A steam dragon (D:7)
  3 wargs (D:9)
  Menkaure (D:7)
  A demonic crawler simulacrum (IceCv)
  2 orc warriors
  3 ugly thing simulacra (IceCv)
  A black bear (D:5)
  2 ogres
  3 centaurs
  2 kobold brigands
  A phantom (D:7)
  2 bullfrogs (D:9)
  2 gnoll sergeants
  3 scorpions
  4 necrophages
  3 wights (D:8)
  4 cane toad simulacra (Lair:1)
  6 killer bees
  2 howler monkeys
  3 jellies
  3 hounds
  Crazy Yiuf (D:7)
  8 orc priests
  A gnoll shaman (D:6)
  A centaur skeleton (D:8)
  3 iguanas
  Ijyb (D:3)
  9 orc wizards
  Robin (D:3)
  16 gnolls
  A howler monkey skeleton (D:8)
  9 adders
  A shadow imp (D:4)
  4 white imps
  A worm (D:2)
  3 dart slugs
  40 orcs
  11 ball pythons
  3 endoplasms
  6 giant cockroaches
  12 goblins
  6 hobgoblins
  2 jackals (D:5)
  18 kobolds
  4 quokkas
  6 bats
  4 frilled lizards
  7 rats
250 creatures vanquished.

Vanquished Creatures (collateral kills)
  An orc wizard (D:9)
  2 gnolls
  An orc (D:8)
  A kobold (D:9)
5 creatures vanquished.

Vanquished Creatures (others)
  4 dancing weapons
  An orc wizard (D:8)
5 creatures vanquished.

Grand Total: 260 creatures vanquished

Notes
Turn   | Place    | Note
-------+----------+-------------------------------------------
     0 | D:1      | happo123 the Kobold Enchanter began the quest for the Orb.
     0 | D:1      | Reached XP level 1. HP: 10/10 MP: 3/3
   240 | D:1      | Reached XP level 2. HP: 16/16 MP: 5/5
   245 | D:1      | Learned a level 2 spell: Ensorcelled Hibernation
   397 | D:1      | Reached XP level 3. HP: 20/20 MP: 6/6
   401 | D:1      | Learned a level 3 spell: Confusing Touch
  1036 | D:2      | Reached skill level 1 in Fighting
  1036 | D:2      | Reached XP level 4. HP: 22/25 MP: 3/7
  1346 | D:2      | Reached XP level 5. HP: 29/29 MP: 9/9
  1350 | D:2      | Learned a level 3 spell: Tukima's Dance
  1906 | D:3      | Noticed Ijyb
  2021 | D:3      | Killed Ijyb
  2172 | D:3      | HP: 1/30 [poisoned by an orc wizard]
  2399 | D:3      | Reached XP level 6. HP: 35/35 MP: 6/10
  2400 | D:3      | Noticed Sigmund
  2706 | D:3      | Killed Sigmund
  2707 | D:3      | Reached skill level 5 in Stealth
  2794 | D:3      | Reached XP level 7. HP: 11/40 MP: 2/11
  2874 | D:3      | Noticed Robin
  3157 | D:3      | Killed Robin
  3312 | D:3      | HP: 2/40 [gnoll/+0 halberd (3)]
  3641 | D:3      | Found Rusmem's Jewellery Shop.
  4191 | D:3      | Reached skill level 5 in Hexes
  4704 | D:4      | Found a bloodstained altar of Trog.
  5094 | D:5      | Entered Level 5 of the Dungeon
  5143 | D:5      | Reached XP level 8. HP: 46/46 MP: 13/13
  5183 | D:5      | Reached skill level 6 in Stealth
  5183 | D:5      | Reached skill level 1 in Ice Magic
  5478 | D:5      | Found a sparkling altar of Nemelex Xobeh.
  5580 | D:5      | Found a hide-covered altar of Uskayaw.
  5694 | D:5      | Found Vesellez's Weapon Emporium.
  5697 | D:5      | Found Lemue's Book Emporium.
  5697 | D:5      | Found Bocet's Magic Scroll Emporium.
  5699 | D:5      | Found Jaskieg's Antique Armour Emporium.
  6120 | D:6      | Found an ancient bone altar of Kikubaaqudgha.
  6354 | D:6      | Found a hazy altar of Hepliaklqana.
  6493 | D:6      | Reached skill level 5 in Dodging
  6693 | D:6      | Reached XP level 9. HP: 21/52 MP: 8/15
  6706 | D:6      | Reached skill level 5 in Short Blades
  6911 | D:6      | Found a staircase to the Ecumenical Temple.
  6918 | Temple   | Entered the Ecumenical Temple
  6972 | Temple   | Became a worshipper of the Wu Jian Council
  7147 | D:6      | Found a stormy altar of Qazlal.
  7605 | D:5      | Bought a pair of embroidered boots for 225 gold pieces
  7703 | D:7      | Reached skill level 7 in Stealth
  7742 | D:7      | Noticed a hornet
  7745 | D:7      | Killed a hornet
  7836 | D:7      | Found a runed translucent door.
  7839 | D:7      | Noticed Crazy Yiuf
  7843 | D:7      | Killed Crazy Yiuf
  8028 | D:7      | Found an iron altar of Okawaru.
  8028 | D:7      | Found a shadowy altar of Dithmenos.
  8060 | D:7      | Noticed Menkaure
  8067 | D:7      | Killed Menkaure
  8146 | D:7      | Noticed Prince Ribbit
  8149 | D:7      | Killed Prince Ribbit
  8150 | D:7      | Reached skill level 5 in Spellcasting
  8800 | D:8      | Reached XP level 10. HP: 49/58 MP: 12/17
  8891 | D:8      | Reached skill level 5 in Fighting
  8896 | D:8      | Learned a level 3 spell: Ozocubu's Armour
  9033 | D:8      | Reached * piety under Wu Jian
  9312 | D:8      | Found a runed translucent gate.
  9343 | D:8      | Found a runed translucent gate.
  9343 | D:8      | Found a runed translucent gate.
  9351 | D:8      | Noticed a cyclops
  9356 | D:8      | Killed a cyclops
  9357 | D:8      | Reached skill level 8 in Stealth
  9411 | D:8      | Noticed a manticore
  9417 | D:8      | Killed a manticore
  9512 | D:8      | Noticed a boulder beetle
  9538 | D:8      | Killed a boulder beetle
  9779 | D:8      | Noticed a centaur warrior
  9780 | D:8      | Noticed a manticore
  9793 | D:8      | Killed a centaur warrior
  9862 | D:8      | Noticed a deep elf pyromancer
  9880 | D:8      | Killed a deep elf pyromancer
  9881 | D:8      | Reached skill level 9 in Stealth
  9881 | D:8      | Reached XP level 11. HP: 26/64 MP: 11/20
 10080 | D:8      | Noticed a two-headed ogre
 10082 | D:8      | Killed a two-headed ogre
 10091 | D:8      | Killed a manticore
 10183 | D:8      | Noticed a green ugly thing
 10194 | D:8      | Killed a green ugly thing
 10326 | D:8      | Reached skill level 5 in Ice Magic
 11192 | D:8      | Noticed om's ghost (novice MfIE)
 11219 | D:8      | Killed om's ghost
 11741 | D:8      | Reached ** piety under Wu Jian
 12665 | D:9      | Found a staircase to the Lair.
 12707 | D:9      | Reached skill level 10 in Stealth
 12978 | D:9      | Learned a level 5 spell: Metabolic Englaciation
 13027 | D:9      | Found a glowing silver altar of Zin.
 13376 | D:5      | Bought a scroll of identify for 26 gold pieces
 13520 | Lair:1   | Entered Level 1 of the Lair of Beasts
 13537 | Lair:1   | Found a frozen archway.
 13573 | IceCv    | Entered an ice cave
 13843 | IceCv    | Reached *** piety under Wu Jian
 14142 | IceCv    | HP: 2/66 [ice statue] (16)]
 14143 | IceCv    | Engulfed by an ice statue's freezing vapour

Illustrated notes

Levels and vault maps discovered:
D:1:      psy_arrival_statuary, layout_basic, grunt_decor_resistance,
          minmay_misc_feat_nine_boxes
D:2:      layout_loops_cross
D:3:      layout_rooms, serial_shops, shop, uniq_ijyb, uniq_sigmund, uniq_robin
D:4:      layout_cave_pools, mainiacjoe_overflow_surrounded_room
D:5:      layout_cave_pools, mainiacjoe_overflow_concentric_impassable,
          nemelex_spade_bored_becter, minmay_shop_grid_forest
D:6:      layout_loops_ring, mainiacjoe_overflow_alcove_2, old_standard_altar,
          kennysheep_little_box, minmay_temple_entry_enclosed_plants
D:7:      layout_layer_cave, gammafunk_temple_overflow_wave, st_stairs_1,
          uniq_crazy_yiuf_cottage, uniq_prince_ribbit1, uniq_menkaure
D:8:      layout_loops_corners, gammafunk_ghost_necromancy, minmay_evil_grid
D:9:      layout_irregular_city, mainiacjoe_overflow_alcove_1,
          erik_lair_orcish_takeover
Temple:   compressed_dpeg_circular_temple
Lair:1:   layout_loops_ring, portal_ice_cave_entry_ice_simulacra
IceCv:    ice_cave_hellmonk_azure_passage

Skill      XL: |  1  2  3  4  5  6  7  8  9 10 11 |
---------------+----------------------------------+-----
Fighting       | 1 2 3 4 5 6 |  6.9
Short Blades   | 2 3 4 6 7 8 |  8.4
Dodging        | 3 4 5 6 7 8 |  8.1
Hexes          | 4 5 6 7 8 9 |  9.9
Spellcasting   | 3 4 5 6 |  6.9
Stealth        | 5 6 7 9 10 | 10.1
Ice Magic      | 2 3 4 5 |  5.6
Evocations     | |  0.9

Action                   |  1- 3 |  4- 6 |  7- 9 | 10-12 || total
-------------------------+-------+-------+-------+-------++-------
Melee: Dagger            |    48 |    88 |   223 |    60 ||   419
       Punch             |       |       |     2 |     5 ||     7
       Short sword       |       |       |       |   257 ||   257
 Cast: Ensorcelled Hiber |     3 |    31 |    77 |    44 ||   155
       Confusing Touch   |       |     2 |    12 |    20 ||    34
       Tukima's Dance    |       |       |     5 |     4 ||     9
       Ozocubu's Armour  |       |       |       |     4 ||     4
Invok: Lunge             |       |       |     4 |       ||     4
       Whirlwind         |       |       |       |     3 ||     3
Evoke: Lightning rod     |       |       |       |     4 ||     4
  Use: Potion            |       |     4 |       |     1 ||     5
       Scroll            |       |       |     4 |     2 ||     6
 Stab: Sleeping          |    20 |    27 |    63 |    51 ||   161
       Confused          |       |       |     9 |    18 ||    27
       Distracted        |       |       |     1 |     3 ||     4
       Invisible         |       |       |       |     2 ||     2
Armor: Robe              |     5 |    27 |    32 |    71 ||   135
Dodge: Dodged            |    20 |   112 |   168 |   204 ||   504
Block: Buckler           |       |       |       |     1 ||     1

Table legend: (Time is in decaauts)
 A = Elapsed time spent in this place.
 B = Non-inter-level travel time spent in this place.
 C = Inter-level travel time spent in this place.
 D = Time resting spent in this place.
 E = Time spent auto-exploring this place.
 F = Levels seen in this place.
 G = Mean time per level.
                   A        B        C        D        E       F      G
               +--------+--------+--------+--------+--------+-----+--------+
         Total |  14009 |  12685 |   1324 |   3317 |   7217 |  12 | 1167.4 |
       Dungeon |  13257 |  11960 |   1297 |   2833 |   7102 |   9 | 1473.0 |
        Temple |    140 |    127 |     13 |      0 |    115 |   1 |  140.0 |
          Lair |     48 |     34 |     14 |      0 |      0 |   1 |   48.0 |
      Ice Cave |    563 |    563 |      0 |    484 |      0 |   1 |  563.0 |
               +--------+--------+--------+--------+--------+-----+--------+

Top non-repeatable levels by time:
     D:8: 3048 daAuts
     D:2: 1846 daAuts
     D:9: 1504 daAuts
     D:3: 1479 daAuts
     D:6: 1474 daAuts
     D:5: 1201 daAuts
     D:1: 963 daAuts
     D:7: 947 daAuts
     D:4: 791 daAuts
   IceCv: 563 daAuts
  Temple: 140 daAuts
  Lair:1: 48 daAuts
